 Dungeon Crawl Stone Soup version 0.31.0-11-ge490571c62 (webtiles) character file.

Game seed: 16240133542399476844

285 mopl the Insei (level 6, -3/41 HPs)
             Began as an Octopode Shapeshifter on Jan 29, 2024.
             Slain by a gnoll
             ... wielding a +0 whip
              (7 damage)
             ... on level 3 of the Dungeon.
             The game lasted 00:03:29 (2419 turns).

mopl the Insei (Octopode Shapeshifter)              Turns: 2419, Time: 00:03:30

Health: -3/41      AC:  1    Str: 13    XL:     6   Next: 29%
Magic:  6/6        EV: 14    Int: 12    God:
Gold:   183        SH:  5    Dex: 14    Spells: 5/5 levels left

rFire   . .          .
                       - Unarmed
rCold   . . .        (no shield)
rNeg    . . .        (helmet currently unavailable)
rPois   .            k - amulet of reflection
rElec   .            o - ring of see invisible
rCorr   .            (no ring)
SInv    +            (no ring)
Will    .....        (no ring)
Stlth   ++           (no ring)
HPRegen 0.26/turn    (no ring)
MPRegen 0.10/turn    (no ring)
                     (no ring)

%: reflection
@: beast-form
A: beast (slay +2), almost no armour, amphibious, 8 rings, camouflage 1,
gelatinous body 1, (nimble swimmer 1), tentacles
a: Begin Untransformation


You were on level 3 of the Dungeon.
You were a hulking beast.
You visited 1 branch of the dungeon, and saw 4 of its levels.

You collected 183 gold pieces.

Inventory:

Hand Weapons
 x - a +2 whip of venom
Missiles
 A - a boomerang (quivered)
Jewellery
 f - a ring of wizardry
 k - an amulet of reflection (around mantle)
 n - a ring of flight
 o - a ring of see invisible (left tentacle)
Talismans
 b - a beast talisman
 c - a flux talisman
Scrolls
 d - 2 scrolls of enchant weapon {unknown}
 e - a scroll of blinking {unknown}
 h - a scroll of revelation {unknown}
 i - 2 scrolls of teleportation {unknown}
 m - a scroll of fog {unknown}
 p - a scroll of enchant armour {unknown}
 r - 2 scrolls of identify {unknown}
 s - a scroll of vulnerability {unknown}
 u - 3 scrolls of immolation {unknown}
 w - a scroll of fear {unknown}
 y - a scroll of amnesia {unknown}
Potions
 a - a potion of lignification
 g - a potion of magic {unknown}
 j - 3 potions of curing
 l - a potion of invisibility {unknown}
 q - 2 potions of haste {unknown}
 t - 4 potions of enlightenment {unknown}
 v - a potion of cancellation {unknown}
 z - a potion of mutation {unknown}


   Skills:
 + Level 2.4 Fighting
 + Level 3.1 Dodging
 * Level 4.6 Unarmed Combat
 * Level 4.4 Shapeshifting


You had 5 spell levels left.
You didn't know any spells.
Your spell library was empty.

Dungeon Overview and Level Annotations

Branches:
Dungeon (4/15)
 Temple: D:4-7

Altars:

Shops:
D:3 (

Annotations:
D:3 1 runed translucent door, Skimidon's ghost, amateur MiAr


Innate Abilities, Weirdness & Mutations

You are a hulking beast.
Your limbs bulge with bestial killing power. (Slay +2)
You cannot wear most types of armour.
You are amphibious.
You can wear up to eight rings at the same time.
Your skin changes colour to match your surroundings (Stealth+).
Your rubbery body absorbs attacks. (AC +1, EV +1)
((You are camouflaged when in or above water. (Stealth+)))
You have tentacles for arms and can constrict up to eight enemies at once.


Message History

The gnoll misses you.
You bludgeon the gnoll! You grab the gnoll.
The gnoll is severely wounded.
You constrict the gnoll. The gnoll barely misses you.
You tentacle-slap the gnoll.
You kill the gnoll!
The gnoll hits you from afar with a +0 spear.
You tentacle-slap the gnoll. You grab the gnoll.
The gnoll is heavily wounded.
You constrict the gnoll, but do no damage.
The gnoll hits you with a +0 whip. The gnoll completely misses you.
You tentacle-slap the gnoll.
The gnoll is heavily wounded.
You constrict the gnoll. The gnoll barely misses you.
The gnoll hits you from afar with a +0 spear!
You are too injured to fight recklessly!
You are too injured to fight recklessly!
You barely miss the gnoll.
You tentacle-slap the gnoll, but do no damage.
The gnoll is severely wounded.
You constrict the gnoll. The gnoll hits you with a +0 whip.
* * * LOW HITPOINT WARNING * * *
The gnoll barely misses you.
Unknown command.
You release your grip on the gnoll.
There is a stone staircase leading up here.
The gnoll hits you from afar with a +0 spear.
* * * LOW HITPOINT WARNING * * *
The gnoll hits you with a +0 whip.
* * * LOW HITPOINT WARNING * * *
You climb upwards.
Level annotation: 1 runed translucent door, Skimidon's ghost, amateur MiAr
There is a stone staircase leading down here.
You barely miss the gnoll. You grab the gnoll.
The gnoll is severely wounded.
You constrict the gnoll. The gnoll closely misses you.
You tentacle-slap the gnoll.
The gnoll is almost dead.
You constrict the gnoll. The gnoll hits you with a +0 whip!
You die...

#####.# #. #.....#
########## #.
##..8.###........# ##
######.....#........#
#....8.∩.8.#........#
#......<...#........#
#......8............#
#...................# #
#[........h..##.##.)#######
#........g#).##.###..÷...##
#####...#...........####...
###......#.###........#
####..........#.###..
#..........#...###
#...........##....
#.....#.##..#####.
#.....#.##..####..


You could see a gnoll.

Vanquished Creatures
  A jelly (D:3)
  An orc priest (D:3)
  5 gnolls
  7 adders
  2 dart slugs
  16 orcs
  4 bats (D:1)
  6 endoplasms
  3 giant cockroaches
  6 goblins
  3 hobgoblins
  9 jackals (D:2)
  5 kobolds
  2 quokkas
  6 ball pythons
  15 frilled lizards
  7 rats
98 creatures vanquished.

Notes
Turn   | Place    | Note
-------+----------+-------------------------------------------
     0 | D:1      | mopl the Octopode Shapeshifter began the quest for the Orb.
     0 | D:1      | Reached XP level 1. HP: 13/13 MP: 1/1
   158 | D:1      | Reached XP level 2. HP: 18/18 MP: 2/2
   532 | D:1      | Reached XP level 3. HP: 17/23 MP: 3/3
   908 | D:2      | Reached XP level 4. HP: 20/28 MP: 4/4
  1294 | D:2      | Reached XP level 5. HP: 21/34 MP: 5/5
  1984 | D:3      | Reached XP level 6. HP: 17/39 MP: 6/6
  2149 | D:3      | Found Affoxorch's Weapon Shop.
  2190 | D:3      | Found a runed translucent door.
  2191 | D:3      | Noticed Skimidon's ghost (amateur MiAr)
  2419 | D:3      | Slain by a gnoll

Illustrated notes

Levels and vault maps discovered:
D:1:      tarquinn_simple_flora_water_e, layout_loops_ring
D:2:      layout_rooms, minmay_lizard_king
D:3:      layout_rooms, gammafunk_ghost_grave, serial_shops,
          nicolae_shop_statue_plus
D:4:      layout_gridville, zin_statuary, minmay_temple_entry_glass,
          st_stairs_12

Skill      XL: |  1  2  3  4  5 |
---------------+----------------+-----
Unarmed Combat | 4 |  4.6
Fighting       | 2 |  2.4
Shapeshifting  | 4 |  4.4
Dodging        | 3 |  3.1

Action                     |  1- 3 |  4- 6 || total
---------------------------+-------+-------++-------
  Melee: Unarmed           |    76 |   113 ||   189
         Constrict         |    22 |    31 ||    53
         Tentacles         |    14 |    24 ||    38
         Punch             |     1 |     1 ||     2
    Use: Potion            |       |     1 ||     1
   Stab: Sleeping          |    11 |     5 ||    16
 Armour: Skin              |    26 |    43 ||    69
  Dodge: Dodged            |    45 |    69 ||   114
  Block: Other             |     1 |    12 ||    13
